 Dungeon Crawl Stone Soup version 0.30-a0-778-g2ef04afb54 (webtiles) character file.

Game seed: 10021637682143472892

908 BRD the Shield-Bearer (level 8, -6/67 HPs)
             Began as a Gnoll Fighter on Feb 16, 2023.
             Mangled by an ogre
             ... wielding a +0 giant club
              (20 damage)
             ... on level 5 of the Dungeon.
             The game lasted 00:05:30 (4132 turns).

BRD the Shield-Bearer (Gnoll Fighter)               Turns: 4132, Time: 00:05:31

Health: -6/67      AC: 14    Str: 18    XL:     8   Next: 8%
Magic:  12/12      EV:  6    Int:  8    God:
Gold:   189        SH:  0    Dex: 11    Spells: 13/13 levels left

rFire   . . .      SeeInvis .    a - +0 flail
rCold   . . .      Faith    .    q - orb {*Rage}
rNeg    . . .      Spirit   .    e - +0 plate armour
rPois   .          Reflect  .    (no helmet)
rElec   .          Harm     .    h - +0 cloak
rCorr   .          Rampage  .    (no gloves)
Will    .....      Rage     20%  (no boots) Stlth
                                 (no amulet)
HPRegen 0.31/turn                (no ring)
MPRegen 0.13/turn                (no ring)

@: no status effects
A: fangs 1, strong nose, distributed training
a: no special abilities


You were on level 5 of the Dungeon.
You visited 1 branch of the dungeon, and saw 5 of its levels.

You collected 189 gold pieces.

Inventory:

Hand Weapons
 a - a +0 flail (weapon)
Missiles
 s - 6 poisoned darts (quivered)
Armour
 c - a +0 buckler
 e - a +0 plate armour (worn)
 h - a +0 cloak (worn)
 q - an orb of wrath (worn)
 t - a +0 kite shield
Jewellery
 u - an amulet of faith
Scrolls
 b - 3 scrolls of blinking {unknown}
 d - 2 scrolls of vulnerability {unknown}
 f - 2 scrolls of teleportation {unknown}
 k - a scroll of magic mapping {unknown}
 r - a scroll of identify {unknown}
Potions
 g - 3 potions of attraction {unknown}
 i - a potion of resistance {unknown}
 j - a potion of ambrosia {unknown}
 l - 4 potions of magic {unknown}
 m - 2 potions of lignification {unknown}
 n - a potion of flight {unknown}
 o - 2 potions of invisibility {unknown}
 p - 2 potions of mutation {unknown}
 v - a potion of berserk rage {unknown}


   Skills:
 + Level 7.3 Fighting
 + Level 3.0 Short Blades
 + Level 3.0 Long Blades
 + Level 3.0 Axes
 + Level 5.5 Maces & Flails
 + Level 3.0 Polearms
 + Level 3.0 Staves
 + Level 3.0 Ranged Weapons
 + Level 3.0 Throwing
 + Level 7.3 Armour
 + Level 3.0 Dodging
 + Level 3.0 Stealth
 + Level 7.3 Shields
 + Level 3.0 Unarmed Combat
 + Level 3.0 Spellcasting
 + Level 2.4 Conjurations
 + Level 2.4 Hexes
 + Level 2.4 Summonings
 + Level 2.4 Necromancy
 + Level 2.4 Translocations
 + Level 2.4 Transmutations
 + Level 2.4 Fire Magic
 + Level 2.4 Ice Magic
 + Level 2.4 Air Magic
 + Level 2.4 Earth Magic
 + Level 2.4 Poison Magic
 + Level 3.3 Invocations
 + Level 3.0 Evocations


You had 13 spell levels left.
You didn't know any spells.
Your spell library was empty.

Dungeon Overview and Level Annotations

Branches:
Dungeon (5/15)
 Temple: D:4-7

Altars:


Innate Abilities, Weirdness & Mutations

You have very sharp teeth.
Your uncanny sense of smell can sniff out nearby items.
Your experience applies equally to all skills.


Message History

You start resting.
You recover from your berserk rage.
You start resting.
HP restored.
A white imp comes into view.
Found a stone staircase leading down.
The white imp shouts, "Get thee gone, thou rough-hewn weeb-spouting harpy!"
You hear a shout!
The white imp shouts, "Despond, thou mangled toad-spotted death-token!"
An ogre comes into view. It is wielding a +0 giant club.
The ogre shouts!
The white imp gestures at you. The puff of frost hits you.
You barely miss the white imp. The white imp barely misses you.
You hit the white imp.
The white imp is moderately wounded.
The white imp hits you but does no damage.
You closely miss the white imp. Your bite misses the white imp.
The white imp is moderately wounded.
The white imp hits you but does no damage.
You thump the white imp!
You kill the white imp!
The ogre hits you with a +0 giant club!!
You hit the ogre.
The ogre is lightly wounded.
The ogre barely misses you.
You hit the ogre but do no damage.
The ogre is lightly wounded.
The ogre hits you with a +0 giant club!
You barely miss the ogre.
The ogre is lightly wounded.
You barely miss the ogre.
The ogre is lightly wounded.
The ogre hits you with a +0 giant club!!
* * * LOW HITPOINT WARNING * * *
You are too injured to fight recklessly!
You barely miss the ogre.
The ogre is lightly wounded.
The ogre hits you with a +0 giant club!!
You die...

##......#
####.......#
#####.##.......#
####.....#........#
#.....^..#........#
#..>..............#
..................#
..................#
.......@..........#
.......O..........#
..................#
..................
.................
...............#
#.............#
#...........###


You could see an ogre.

Vanquished Creatures
  2 water moccasins (D:5)
  A black bear (D:4)
  2 necrophages (D:4)
  A hound (D:3)
  2 jellies (D:4)
  3 orc priests (D:5)
  3 iguanas
  7 adders
  4 gnolls (D:2)
  A white imp (D:5)
  An ufetubus (D:5)
  4 worms
  2 dart slugs (D:4)
  10 orcs
  8 bats
  7 endoplasms
  4 giant cockroaches
  9 goblins
  11 hobgoblins
  8 jackals
  5 kobolds
  5 quokkas
  9 ball pythons
  4 rats
113 creatures vanquished.

Notes
Turn   | Place    | Note
-------+----------+-------------------------------------------
     0 | D:1      | BRD the Gnoll Fighter began the quest for the Orb.
     0 | D:1      | Reached XP level 1. HP: 23/23 MP: 1/1
   202 | D:1      | Reached XP level 2. HP: 29/29 MP: 2/2
   491 | D:1      | Reached XP level 3. HP: 35/35 MP: 3/3
   782 | D:2      | Reached skill level 1 in Invocations
   859 | D:2      | Reached skill level 1 in Short Blades
   859 | D:2      | Reached skill level 1 in Long Blades
   859 | D:2      | Reached skill level 1 in Axes
   859 | D:2      | Reached skill level 1 in Polearms
   859 | D:2      | Reached skill level 1 in Staves
   859 | D:2      | Reached skill level 1 in Ranged Weapons
   859 | D:2      | Reached skill level 1 in Throwing
   859 | D:2      | Reached skill level 1 in Dodging
   859 | D:2      | Reached skill level 1 in Stealth
   859 | D:2      | Reached skill level 1 in Unarmed Combat
   859 | D:2      | Reached skill level 1 in Spellcasting
   859 | D:2      | Reached skill level 1 in Evocations
   891 | D:2      | Reached XP level 4. HP: 34/41 MP: 5/5
  1299 | D:2      | Reached skill level 1 in Conjurations
  1299 | D:2      | Reached skill level 1 in Hexes
  1299 | D:2      | Reached skill level 1 in Summonings
  1299 | D:2      | Reached skill level 1 in Necromancy
  1299 | D:2      | Reached skill level 1 in Translocations
  1299 | D:2      | Reached skill level 1 in Transmutations
  1299 | D:2      | Reached skill level 1 in Fire Magic
  1299 | D:2      | Reached skill level 1 in Ice Magic
  1299 | D:2      | Reached skill level 1 in Air Magic
  1299 | D:2      | Reached skill level 1 in Earth Magic
  1299 | D:2      | Reached skill level 1 in Poison Magic
  1461 | D:2      | Found a faded altar of an unknown god.
  1473 | D:2      | Reached XP level 5. HP: 42/47 MP: 7/7
  2555 | D:4      | Reached XP level 6. HP: 47/53 MP: 8/8
  2617 | D:4      | Reached skill level 5 in Maces & Flails
  3077 | D:4      | Noticed a black bear
  3094 | D:4      | Killed a black bear
  3095 | D:4      | Reached XP level 7. HP: 58/59 MP: 10/10
  3677 | D:5      | Entered Level 5 of the Dungeon
  3915 | D:5      | Reached XP level 8. HP: 13/67 MP: 12/12
  4132 | D:5      | Mangled by an ogre

Illustrated notes

Levels and vault maps discovered:
D:1:      giann_horns, layout_basic, st_stairs_1, moated_statue,
          minmay_tetromino_l4
D:2:      layout_loops_ring, chequers_ecumenical_altar_simple_redux,
          kennysheep_donut
D:3:      layout_loops_ring
D:4:      layout_loops_corners
D:5:      layout_cave_pods, fedhas_altar_fruit_tree

Skill      XL: |  1  2  3  4  5  6  7 |
---------------+----------------------+-----
Invocations    | 1 2 3 |  3.3
Short Blades   | 1 2 3 |  3.0
Long Blades    | 1 2 3 |  3.0
Axes           | 1 2 3 |  3.0
Polearms       | 1 2 3 |  3.0
Staves         | 1 2 3 |  3.0
Ranged Weapons | 1 2 3 |  3.0
Throwing       | 1 2 3 |  3.0
Dodging        | 1 2 3 |  3.0
Stealth        | 1 2 3 |  3.0
Unarmed Combat | 1 2 3 |  3.0
Spellcasting   | 1 2 3 |  3.0
Evocations     | 1 2 3 |  3.0
Conjurations   | 1 2 |  2.4
Hexes          | 1 2 |  2.4
Summonings     | 1 2 |  2.4
Necromancy     | 1 2 |  2.4
Translocations | 1 2 |  2.4
Transmutations | 1 2 |  2.4
Fire Magic     | 1 2 |  2.4
Ice Magic      | 1 2 |  2.4
Air Magic      | 1 2 |  2.4
Earth Magic    | 1 2 |  2.4
Poison Magic   | 1 2 |  2.4
Maces & Flails | 5 |  5.5
Fighting       | 7 |  7.3
Armour         | 7 |  7.3
Shields        | 7 |  7.3

Action                     |  1- 3 |  4- 6 |  7- 9 || total
---------------------------+-------+-------+-------++-------
  Melee: Flail             |   124 |   192 |   100 ||   416
         Bite              |     7 |    24 |    11 ||    42
    Use: Potion            |       |     1 |       ||     1
 Armour: Scale mail        |    36 |       |       ||    36
         Plate armour      |    76 |   127 |    89 ||   292
  Dodge: Dodged            |    50 |    62 |    34 ||   146
  Block: Buckler           |    47 |    57 |       ||   104

Table legend: (Time is in decaauts)
 A = Elapsed time spent in this place.
 B = Non-inter-level travel time spent in this place.
 C = Inter-level travel time spent in this place.
 D = Time resting spent in this place.
 E = Time spent auto-exploring this place.
 F = Levels seen in this place.
 G = Mean time per level.
                   A        B        C        D        E       F      G
               +--------+--------+--------+--------+--------+-----+--------+
         Total |   4295 |   4164 |    131 |    428 |   2920 |   5 |  859.0 |
       Dungeon |   4295 |   4164 |    131 |    428 |   2920 |   5 |  859.0 |
               +--------+--------+--------+--------+--------+-----+--------+

Top non-repeatable levels by time:
     D:4: 1253 daAuts
     D:2: 1027 daAuts
     D:1: 785 daAuts
     D:3: 737 daAuts
     D:5: 492 daAuts
